General information
- name: BNet
- type: Ladder team game (AT/RT)
- host: Battle.net
- saver: JakeIsReplaced
map: GoldRush
- players: 8
- length: 47:19
- speed: Fast
- version: 1.26 W3XP
- replay type: Public
» download(269 KB)
Players
team 1 (winner)
miniraeace (
blue | 18 APM | 863 actions | 47:19)
6 Goblin Alchemist
3 Chemical Rage
2 Acid Bomb
1 Transmute
» actions
| Build / train | 71 | |
| Enter build submenu | 23 | |
| Enter hero's abilities submenu | 6 | |
| Right click | 303 | |
| Select / deselect | 375 | |
| Use ability | 85 | |
863 total
» units
| Acolyte | 19 | |
| Ghoul | 2 | |
| Crypt Fiend | 19 | |
40 total
» upgrades
| Burrow | 1 | |
| Web | 1 | |
| Creature Carapace | 2 | |
| Creature Attack | 3 | |
7 total
» buildings
| Graveyard | 1 | |
| Ziggurat | 9 | |
| Altar of Darkness | 2 | |
| Crypt | 2 | |
| Tomb of Relics | 2 | |
| Spirit Tower | 4 | |
| Halls of the Dead | 1 | |
| Black Citadel | 1 | |
| Sacrificial Pit | 1 | |
| Necropolis | 1 | |
| Nerubian Tower | 1 | |
25 total
» build order
01:49 Graveyard
02:32 Ziggurat
02:35 Altar of Darkness
02:43 Crypt
03:06 Tomb of Relics
03:23 Spirit Tower
03:32 Crypt
04:55 Ziggurat
05:15 Ziggurat
05:36 Ziggurat
05:58 Halls of the Dead
10:11 Black Citadel
13:05 Sacrificial Pit
13:44 Spirit Tower
14:05 Necropolis
14:13 Ziggurat
14:52 Spirit Tower
15:15 Tomb of Relics
16:05 Ziggurat
16:08 Ziggurat
17:08 Spirit Tower
20:57 Ziggurat
26:47 Nerubian Tower
27:44 Altar of Darkness
27:46 Ziggurat
» items
| Rod of Necromancy | 1 | |
| Healing Salve | 1 | |
| Lesser Clarity Potion | 1 | |
| Potion of Healing | 1 | |
| Orb of Corruption | 1 | |
| Scroll of Town Portal | 2 | |
| Periapt of Vitality | 1 | |
| Boots of Speed | 2 | |
10 total
Sleepy (
red | 17 APM | 811 actions | 47:19)
6 Blademaster
2 Wind Walk
3 Critical Strike
1 Bladestorm
» actions
| Build / train | 70 | |
| Enter build submenu | 25 | |
| Enter hero's abilities submenu | 6 | |
| Give item / drop item | 2 | |
| Remove unit from queue | 2 | |
| Right click | 420 | |
| Select / deselect | 221 | |
| Use ability | 64 | |
811 total
» units
| Peon | 13 | |
| Grunt | 3 | |
| Troll Headhunter/Berserker | 9 | |
| Wind Rider | 27 | |
52 total
» upgrades
» buildings
| Altar of Storms | 1 | |
| Orc Burrow | 7 | |
| Barracks | 1 | |
| War Mill | 1 | |
| Voodoo Lounge | 1 | |
| Stronghold | 1 | |
| Watch Tower | 9 | |
| Beastiary | 2 | |
| Fortress | 1 | |
| Great Hall | 1 | |
25 total
» build order
00:26 Altar of Storms
00:46 Orc Burrow
01:02 Barracks
01:32 War Mill
02:10 Orc Burrow
02:55 Voodoo Lounge
03:07 Orc Burrow
04:03 Stronghold
04:06 Watch Tower
04:15 Orc Burrow
05:55 Orc Burrow
06:00 Watch Tower
07:17 Beastiary
07:26 Beastiary
08:42 Fortress
09:07 Orc Burrow
11:09 Great Hall
13:42 Watch Tower
15:55 Watch Tower
18:13 Watch Tower
18:17 Watch Tower
18:25 Watch Tower
20:06 Watch Tower
20:14 Watch Tower
29:56 Orc Burrow
» items
| Healing Salve | 2 | |
| Scroll of Town Portal | 1 | |
| Orb of Lightning | 1 | |
| Potion of Healing | 2 | |
6 total
MrVerloc (
teal | 87 APM | 4104 actions | 47:16)
10 Archmage
3 Summon Water Elemental
3 Brilliance Aura
1 Mass Teleport
3 Blizzard
» actions
| Assign group hotkey | 107 | |
| Basic commands | 156 | |
| Build / train | 86 | |
| Enter build submenu | 41 | |
| Enter hero's abilities submenu | 10 | |
| Give item / drop item | 10 | |
| Remove unit from queue | 3 | |
| Right click | 1276 | |
| Select / deselect | 376 | |
| Select group hotkey | 1873 | |
| Use ability | 165 | |
4104 total
» units
| Peasant | 22 | |
| Footman | 5 | |
| Gryphon Rider | 7 | |
| Dragonhawk Rider | 1 | |
35 total
» upgrades
| Lumber Harvesting | 2 | |
| Swords | 3 | |
| Armor | 3 | |
| Masonry | 3 | |
| Animal War Training | 1 | |
| Cloud | 1 | |
| Storm Hammers | 1 | |
| Magic Sentry | 1 | |
| Priest Training | 1 | |
16 total
» buildings
| Altar of Kings | 2 | |
| Barracks | 1 | |
| Farm | 8 | |
| Arcane Vault | 1 | |
| Keep | 1 | |
| Town Hall | 6 | |
| Lumber Mill | 2 | |
| Blacksmith | 2 | |
| Scout Tower | 12 | |
| Castle | 1 | |
| Guard Tower | 3 | |
| Gryphon Aviary | 6 | |
| Arcane Tower | 3 | |
| Arcane Sanctum | 1 | |
49 total
» build order
00:49 Altar of Kings
00:49 Barracks
00:53 Altar of Kings
00:55 Farm
01:05 Farm
01:05 Farm
02:39 Farm
03:24 Farm
03:31 Arcane Vault
04:05 Keep
04:33 Town Hall
05:53 Lumber Mill
06:27 Town Hall
06:50 Blacksmith
06:52 Blacksmith
07:55 Scout Tower
07:56 Scout Tower
07:59 Scout Tower
08:01 Scout Tower
08:02 Scout Tower
08:05 Scout Tower
08:06 Scout Tower
08:07 Scout Tower
08:09 Scout Tower
08:21 Castle
08:27 Guard Tower
08:40 Guard Tower
09:25 Lumber Mill
09:28 Farm
09:29 Farm
09:30 Farm
09:49 Guard Tower
09:53 Scout Tower
09:56 Scout Tower
10:10 Scout Tower
10:34 Gryphon Aviary
10:34 Gryphon Aviary
10:35 Gryphon Aviary
10:49 Arcane Tower
10:50 Arcane Tower
10:56 Gryphon Aviary
10:58 Gryphon Aviary
11:00 Gryphon Aviary
11:45 Arcane Tower
17:19 Town Hall
19:05 Arcane Sanctum
22:09 Town Hall
26:26 Town Hall
28:21 Town Hall
» items
| Scroll of Regeneration | 3 | |
| Scroll of Town Portal | 1 | |
| Anti-magic Potion | 1 | |
| Scroll of Healing | 1 | |
| Potion of Healing | 2 | |
| Staff of Sanctuary | 1 | |
| Periapt of Vitality | 2 | |
| Potion of Mana | 1 | |
| Lesser Clarity Potion | 1 | |
13 total
RougeAgent007 (
yellow | 47 APM | 2237 actions | 47:19)
4 Warden
2 Shadow Strike
2 Blink
» actions
| Assign group hotkey | 12 | |
| Basic commands | 83 | |
| Build / train | 98 | |
| Enter build submenu | 33 | |
| Enter hero's abilities submenu | 4 | |
| Give item / drop item | 1 | |
| Remove unit from queue | 12 | |
| Right click | 1046 | |
| Select / deselect | 431 | |
| Select group hotkey | 372 | |
| Use ability | 145 | |
2237 total
» units
| Wisp | 52 | |
| Hippogryph | 6 | |
| Chimaera | 5 | |
63 total
» upgrades
| Strength of the Wild | 3 | |
| Reinforced Hides | 3 | |
| Corrosive Breath | 1 | |
| Strength of the Moon | 1 | |
| Moon Armor | 1 | |
| Ultravision | 1 | |
10 total
» buildings
| Altar of Elders | 1 | |
| Moon Well | 11 | |
| Hunter's Hall | 2 | |
| Tree of Ages | 1 | |
| Tree of Life | 4 | |
| Ancient of Wonders | 3 | |
| Ancient Protector | 17 | |
| Tree of Eternity | 1 | |
| Ancient of Wind | 1 | |
| Chimaera Roost | 3 | |
44 total
» build order
00:09 Altar of Elders
00:31 Moon Well
00:41 Moon Well
02:18 Hunter's Hall
02:44 Moon Well
02:46 Moon Well
03:23 Moon Well
04:27 Moon Well
04:28 Moon Well
04:47 Tree of Ages
05:31 Moon Well
05:38 Tree of Life
06:21 Ancient of Wonders
07:04 Ancient Protector
07:05 Ancient Protector
07:06 Ancient Protector
07:07 Ancient Protector
07:11 Tree of Eternity
07:19 Ancient of Wonders
07:24 Ancient of Wind
07:41 Ancient Protector
07:42 Ancient Protector
07:44 Ancient Protector
07:48 Ancient Protector
08:48 Ancient Protector
08:50 Ancient Protector
10:21 Tree of Life
10:33 Ancient Protector
10:38 Ancient Protector
10:38 Ancient Protector
11:54 Chimaera Roost
11:57 Chimaera Roost
12:02 Chimaera Roost
14:02 Moon Well
15:53 Moon Well
15:54 Moon Well
16:00 Ancient of Wonders
19:30 Hunter's Hall
19:36 Tree of Life
29:06 Tree of Life
29:08 Ancient Protector
29:08 Ancient Protector
29:09 Ancient Protector
29:11 Ancient Protector
» items
| Orb of Venom | 1 | |
| Staff of Teleportation | 1 | |
| Potion of Lesser Invulnerability | 1 | |
| Anti-magic Potion | 1 | |
| Potion of Healing | 1 | |
5 total
team 2 (loser)

»
SoCal.Anne (
pink | 57 APM | 2700 actions | 47:19)
6 Far Seer
3 Feral Spirit
2 Chain Lighting
1 Earth Quake
3 Shadow Hunter
2 Hex
1 Healing Wave
» actions
| Assign group hotkey | 51 | |
| Build / train | 123 | |
| Enter build submenu | 31 | |
| Enter hero's abilities submenu | 9 | |
| Give item / drop item | 8 | |
| Remove unit from queue | 8 | |
| Right click | 956 | |
| Select / deselect | 742 | |
| Select group hotkey | 672 | |
| Use ability | 100 | |
2700 total
» units
| Peon | 26 | |
| Grunt | 4 | |
| Wind Rider | 10 | |
| Shaman | 5 | |
| Troll Witch Doctor | 4 | |
| Demolisher | 2 | |
| Tauren | 3 | |
| Troll Batrider | 8 | |
62 total
» upgrades
| Berserker Strength | 0 | |
| Shaman Training | 2 | |
| Ranged Weapons | 2 | |
| Armor | 2 | |
| Envenomed Spears | 1 | |
| Witch Doctor Training | 2 | |
| Burning Oil | 1 | |
| Pulverize | 1 | |
| Liquid Fire | 2 | |
13 total
» buildings
| Orc Burrow | 9 | |
| Altar of Storms | 2 | |
| Barracks | 1 | |
| Voodoo Lounge | 1 | |
| Stronghold | 3 | |
| Great Hall | 5 | |
| War Mill | 1 | |
| Beastiary | 2 | |
| Spirit Lodge | 2 | |
| Fortress | 2 | |
| Tauren Totem | 1 | |
29 total
» build order
00:07 Orc Burrow
00:13 Altar of Storms
00:42 Barracks
01:42 Orc Burrow
02:19 Voodoo Lounge
02:53 Stronghold
02:54 Stronghold
02:54 Stronghold
04:22 Orc Burrow
04:30 Orc Burrow
04:45 Great Hall
04:51 War Mill
05:16 Beastiary
06:17 Spirit Lodge
06:46 Orc Burrow
07:14 Fortress
07:14 Fortress
07:54 Great Hall
10:37 Tauren Totem
12:20 Orc Burrow
12:24 Orc Burrow
17:14 Beastiary
19:44 Great Hall
23:30 Great Hall
24:21 Orc Burrow
24:23 Orc Burrow
24:49 Great Hall
26:34 Altar of Storms
26:38 Spirit Lodge
» items
| Scroll of Regeneration | 7 | |
| Lesser Clarity Potion | 9 | |
| Scroll of Town Portal | 6 | |
| Scroll of Speed | 1 | |
23 total

»
hungwwei (
purple | 3 APM | 109 actions | 37:22)

»
Whip-iT(HaRD (
green | 60 APM | 2157 actions | 36:02)
8 Demon Hunter
3 Mana Burn
3 Evasion
1 Metamorphosis
1 Immolation
» actions
| Assign group hotkey | 72 | |
| Basic commands | 78 | |
| Build / train | 89 | |
| ESC pressed | 9 | |
| Enter build submenu | 22 | |
| Enter hero's abilities submenu | 8 | |
| Give item / drop item | 2 | |
| Remove unit from queue | 2 | |
| Right click | 562 | |
| Select / deselect | 673 | |
| Select group hotkey | 545 | |
| Use ability | 94 | |
2157 total
» units
| Wisp | 26 | |
| Archer | 25 | |
| Hippogryph | 16 | |
67 total
» upgrades
| Strength of the Moon | 3 | |
| Moon Armor | 3 | |
| Improved Bows | 1 | |
| Hippogryph Taming | 1 | |
| Marksmanship | 1 | |
9 total
» buildings
| Moon Well | 8 | |
| Altar of Elders | 1 | |
| Ancient of War | 2 | |
| Hunter's Hall | 1 | |
| Tree of Ages | 1 | |
| Ancient Protector | 1 | |
| Tree of Life | 6 | |
| Tree of Eternity | 1 | |
| Ancient of Wind | 2 | |
23 total
» build order
00:06 Moon Well
00:46 Altar of Elders
01:03 Ancient of War
01:34 Moon Well
01:36 Moon Well
02:27 Hunter's Hall
02:37 Moon Well
03:34 Tree of Ages
04:08 Ancient Protector
05:26 Tree of Life
05:38 Moon Well
07:42 Tree of Eternity
07:58 Moon Well
08:50 Ancient of Wind
08:52 Ancient of Wind
10:32 Moon Well
13:57 Moon Well
15:43 Ancient of War
19:56 Tree of Life
24:18 Tree of Life
26:38 Tree of Life
27:51 Tree of Life
28:10 Tree of Life
JakeIsReplaced (
orange | 68 APM | 3232 actions | 47:19)
8 Archmage
3 Summon Water Elemental
3 Brilliance Aura
1 Mass Teleport
1 Blizzard
» actions
| Assign group hotkey | 52 | |
| Basic commands | 128 | |
| Build / train | 207 | |
| ESC pressed | 2 | |
| Enter build submenu | 55 | |
| Enter hero's abilities submenu | 8 | |
| Give item / drop item | 10 | |
| Right click | 1134 | |
| Select / deselect | 627 | |
| Select group hotkey | 792 | |
| Use ability | 217 | |
3232 total
» units
| Peasant | 35 | |
| Footman | 12 | |
| Gryphon Rider | 8 | |
| Dragonhawk Rider | 4 | |
59 total
» upgrades
| Masonry | 3 | |
| Backpack | 1 | |
| Defend | 1 | |
| Lumber Harvesting | 2 | |
| Swords | 3 | |
| Armor | 3 | |
| Animal War Training | 1 | |
| Cloud | 1 | |
| Storm Hammers | 1 | |
| Plating | 3 | |
| Gunpowder | 3 | |
| Barrage | 1 | |
| Magic Sentry | 1 | |
| Sorceress Training | 2 | |
| Priest Training | 2 | |
| Control Magic | 1 | |
| Flak Cannons | 1 | |
| Flying Machine Bombs | 1 | |
| Fragmentation Shards | 1 | |
| Flare | 1 | |
| Long Rifles | 1 | |
34 total
» buildings
| Altar of Kings | 1 | |
| Barracks | 1 | |
| Farm | 7 | |
| Arcane Vault | 2 | |
| Town Hall | 5 | |
| Scout Tower | 31 | |
| Lumber Mill | 1 | |
| Arcane Tower | 5 | |
| Guard Tower | 54 | |
| Keep | 2 | |
| Blacksmith | 1 | |
| Castle | 2 | |
| Gryphon Aviary | 2 | |
| Workshop | 1 | |
| Arcane Sanctum | 2 | |
117 total
» build order
00:04 Altar of Kings
00:08 Barracks
00:11 Farm
00:52 Farm
01:31 Farm
01:48 Arcane Vault
02:42 Farm
03:56 Town Hall
03:58 Town Hall
04:38 Farm
04:52 Scout Tower
04:58 Lumber Mill
05:27 Arcane Tower
05:54 Scout Tower
05:55 Scout Tower
05:58 Scout Tower
06:00 Scout Tower
06:01 Scout Tower
06:26 Guard Tower
06:26 Guard Tower
06:35 Guard Tower
06:35 Guard Tower
06:35 Guard Tower
06:35 Guard Tower
06:53 Keep
06:53 Keep
07:02 Scout Tower
07:18 Scout Tower
07:22 Scout Tower
07:24 Scout Tower
08:08 Guard Tower
08:08 Guard Tower
08:08 Guard Tower
08:18 Blacksmith
09:52 Town Hall
09:55 Scout Tower
09:56 Scout Tower
09:58 Scout Tower
10:00 Scout Tower
10:04 Scout Tower
10:24 Castle
10:25 Castle
11:11 Guard Tower
11:11 Guard Tower
11:49 Gryphon Aviary
12:05 Gryphon Aviary
12:18 Guard Tower
12:18 Guard Tower
12:18 Guard Tower
12:19 Guard Tower
14:02 Farm
14:07 Scout Tower
14:08 Scout Tower
14:24 Scout Tower
14:35 Arcane Vault
14:51 Guard Tower
14:52 Guard Tower
14:53 Guard Tower
14:53 Guard Tower
15:07 Farm
17:56 Town Hall
18:04 Scout Tower
18:05 Scout Tower
18:07 Scout Tower
18:08 Scout Tower
18:33 Guard Tower
18:33 Guard Tower
18:33 Guard Tower
18:33 Guard Tower
18:34 Guard Tower
18:35 Guard Tower
18:35 Guard Tower
21:22 Workshop
22:34 Town Hall
22:42 Arcane Sanctum
22:54 Arcane Sanctum
22:57 Scout Tower
22:59 Scout Tower
23:02 Scout Tower
23:04 Scout Tower
23:16 Scout Tower
23:17 Scout Tower
23:18 Scout Tower
23:20 Scout Tower
23:25 Arcane Tower
23:26 Arcane Tower
23:26 Guard Tower
23:26 Guard Tower
23:27 Guard Tower
23:33 Guard Tower
23:33 Guard Tower
23:38 Guard Tower
24:07 Guard Tower
24:07 Guard Tower
24:07 Guard Tower
24:34 Scout Tower
26:41 Guard Tower
» items
| Scroll of Regeneration | 9 | |
| Lesser Clarity Potion | 1 | |
| Mechanical Critter | 4 | |
| Periapt of Vitality | 1 | |
| Staff of Teleportation | 1 | |
| Potion of Lesser Invulnerability | 1 | |
| Boots of Speed | 1 | |
| Scroll of Town Portal | 3 | |
21 total
Chat log
(00:15 / Allies) Whip-iT(HaRD: rush?
(00:21 / Allies) SoCal.Anne: we so fucked
(00:25 / All) SoCal.Anne: bots?
(00:43 / Allies) JakeIsReplaced: let's not rush
(00:50 / Allies) Whip-iT(HaRD: kk
(01:36 / Allies) SoCal.Anne: so u guys using steam?
(01:37 / 10) MrVerloc: /f m if you want to send messages
(01:43 / Allies) Whip-iT(HaRD: steam?
(01:46 / 10) MrVerloc: /f m if yo uwant to send messages
(01:48 / Allies) SoCal.Anne: lol
(01:49 / Allies) SoCal.Anne: nvm
(01:58 / Allies) JakeIsReplaced: yeah, no summer sale yet though
(02:07 / All) miniraeace: wow
(02:08 / All) miniraeace: thats heavy
(02:20 / All) miniraeace: your internet was giving
(02:45 / 10) MrVerloc: blue is back
(02:57 / 10) MrVerloc: he went NE when I said orc and hu was best for stabbing
(03:09 / 7) JakeIsReplaced: lol
(03:10 / 10) MrVerloc: he's bser
(03:58 / All) miniraeace: eat your gravy
(05:21 / Allies) SoCal.Anne: wood pls
(09:46 / 10) MrVerloc: yellow is top two left expos, ping them so your team attacks them
(10:07 / 10) MrVerloc: Yellow is our new guy
(10:13 / Allies) JakeIsReplaced: hit expos
(10:26 / 10) MrVerloc: I don't completely trust him
(10:40 / 7) JakeIsReplaced: neither do I
(12:33 / 10) MrVerloc: lawl don't completely take him out of game
(12:39 / 7) JakeIsReplaced: it's my ally
(12:46 / 7) JakeIsReplaced: told him to hit expo,s he hit the main
(13:22 / Allies) Whip-iT(HaRD: gj pink
(14:21 / Allies) Whip-iT(HaRD: septrate attacks
(14:30 / Allies) SoCal.Anne: he massing chims?
(15:29 / Allies) Whip-iT(HaRD: gj pink\
(16:19 / Allies) SoCal.Anne: aa
(18:07 / All) MrVerloc: nice unmount
(18:52 / Allies) Whip-iT(HaRD: out of doe pretty much they fucked me\
(19:05 / Allies) SoCal.Anne: need to be together
(19:13 / 7) JakeIsReplaced: that's me
(19:38 / Allies) SoCal.Anne: aa
(20:26 / Allies) SoCal.Anne: gogogo
(21:34 / Allies) SoCal.Anne: wth orange
(22:47 / Allies) SoCal.Anne: ortange
(24:50 / 7) JakeIsReplaced: can you send me 1 gryphon
(24:52 / 7) JakeIsReplaced: for mass tp?
(25:05 / Allies) Whip-iT(HaRD: oj can i get some loot pls
(25:11 / Allies) JakeIsReplaced: I need the items I have
(25:15 / Allies) Whip-iT(HaRD: money
(25:54 / Allies) SoCal.Anne: wood me pls
(26:04 / Allies) SoCal.Anne: green wood me
(26:06 / 10) MrVerloc: he's been trustworthy thus far
(26:09 / 10) MrVerloc: he's attacking red now lol
(26:10 / 7) JakeIsReplaced: yeah
(26:27 / Allies) SoCal.Anne: ty
(27:06 / Allies) SoCal.Anne: wow
(28:32 / Allies) SoCal.Anne: yah thought so lol
(28:34 / Allies) SoCal.Anne: afk now
(28:41 / Allies) Whip-iT(HaRD: who orange
(28:43 / All) JakeIsReplaced: "yah thought so lol afk now"
(28:46 / All) JakeIsReplaced: - pink
(30:09 / All) MrVerloc: 3 retarded spiders following me around
(30:17 / 7) JakeIsReplaced: This guy is better than Jake
(30:32 / Allies) JakeIsReplaced: nice try
(30:33 / 10) MrVerloc: yeah he's actually good, Jake is terrible at this game
(30:45 / 7) JakeIsReplaced: jake can only do one thing, this guy is more varied and better at micro and macro
(31:02 / Allies) Whip-iT(HaRD: \your a goof bro
(31:12 / Allies) Whip-iT(HaRD: if i got to meet u bro i would blast you out
(31:23 / All) JakeIsReplaced: "if i got to meet u bro i would blast you out" - green
(31:26 / All) MrVerloc: tsk
(31:28 / All) MrVerloc: such a shame
(31:44 / All) RougeAgent007: oh pink u think ur coming back down there huh
(33:07 / All) MrVerloc: not looking good for blue
(33:35 / All) MrVerloc: LOL
(33:37 / All) JakeIsReplaced: nice
(33:45 / All) MrVerloc: funny game
(33:50 / All) RougeAgent007: lmao
(33:57 / All) JakeIsReplaced: yeah a great first game with yellow
(34:33 / All) JakeIsReplaced: Nobody has left yet
(34:35 / All) JakeIsReplaced: PERFECT STANDOFF
(34:52 / All) JakeIsReplaced: Alright everyone, listen up
(34:53 / Allies) Whip-iT(HaRD: as big of a douche as you are faggot you better win
(34:59 / All) JakeIsReplaced: Yellow, teal, and I were in this together. You have been hoaxed
(35:02 / All) JakeIsReplaced: We will kill everything'
(35:04 / All) JakeIsReplaced: including our own stuff
(35:07 / All) JakeIsReplaced: so it's 0 food all over
(35:09 / All) JakeIsReplaced: and leave 2 buildings
(35:13 / All) JakeIsReplaced: last one to leave wins
(35:15 / All) JakeIsReplaced: sound fair?
(35:31 / All) JakeIsReplaced: Will all of you be willing to leave your computers on all night for the win?
(36:09 / All) MrVerloc: green already wussed out
(36:10 / All) RougeAgent007: hahah one down
(37:28 / All) JakeIsReplaced: the afk left lol
(39:39 / All) JakeIsReplaced: My side is complete
(39:43 / All) JakeIsReplaced: 0 food all around except me
(39:50 / All) JakeIsReplaced: Do you have MSN yellow so we can stab with you more?
(40:04 / All) RougeAgent007: i dont think so
(40:15 / All) MrVerloc: |windows live messenger it's called now
(41:36 / All) JakeIsReplaced: My whole team is 0-0 now
(41:50 / All) JakeIsReplaced: Good luck, everyone. You all have an equal chance of winning
(44:54 / All) SoCal.Anne: for the love of god
(44:56 / All) SoCal.Anne: haha
(45:00 / All) SoCal.Anne: so retarded
(45:05 / All) JakeIsReplaced: Pink, everyone has an equal chance to win
(45:09 / All) JakeIsReplaced: Everyone is going to be 0 food
(45:11 / All) JakeIsReplaced: Best internet wins
(45:13 / All) JakeIsReplaced: Sound fair?
(45:23 / All) JakeIsReplaced: You can leave your computer on all night and get a free win
(45:45 / 10) MrVerloc: he is
(46:24 / All) Sleepy: no one won yet?
(46:35 / All) RougeAgent007: dude ur going to habe to wait it out
(46:36 / All) RougeAgent007: lol
(46:44 / All) JakeIsReplaced: Everyone has an equal chance of winning
(46:49 / All) MrVerloc: You seem like a sweetheart and a cutie pie
(46:49 / All) JakeIsReplaced: We have killed everything, everyone is 0 food
(46:56 / All) JakeIsReplaced: Best internet wins
(46:57 / All) Sleepy: lol
(46:58 / All) MrVerloc: I'd like to see your nudes, babe
(47:11 / All) MrVerloc: Goodluck everyone, *winks at Anne*
(47:15 / All) JakeIsReplaced: Good luck everyone
(47:18 / All) JakeIsReplaced: LET IT BEGIN, LET IT BEGIN